 Dungeon Crawl Stone Soup version 0.28-a0-429-g1448048969 (webtiles) character file.

Game seed: 5634270471873352059

33 zezblit the Chiller (level 3, -3/24 HPs)
             Began as a Human Ice Elementalist on Sept 8, 2021.
             Slain by Terence (7 damage)
             ... on level 2 of the Dungeon on Sept 10, 2021.
             The game lasted 00:12:47 (1654 turns).

zezblit the Chiller (Human Ice Elementalist)        Turns: 1654, Time: 00:12:48

Health: -3/24      AC:  3    Str:  8    XL:     3   Next: 47%
Magic:  1/6        EV: 11    Int: 16    God:
Gold:   61         SH:  0    Dex: 13    Spells: 1/6 levels left

rFire   . . .      SeeInvis .   e - +0 short sword
rCold   + . .      Faith    .   (no shield)
rNeg    . . .      Spirit   .   f - +0 leather armour
rPois   .          Reflect  .   (no helmet)
rElec   .          Harm     .   (no cloak)
rCorr   .          Rampage  .   (no gloves)
Will    +....                   (no boots)
Stlth   ++........              (no amulet)
HPRegen 0.08/turn               g - ring of willpower
MPRegen 0.10/turn               h - ring of protection from cold

@: no status effects
A: no striking features
a: no special abilities


You were on level 2 of the Dungeon.
You visited 1 branch of the dungeon, and saw 2 of its levels.

You collected 61 gold pieces.

Inventory:

Hand Weapons
 e - a +0 short sword (weapon)
 k - a +0 whip
Armour
 a - a +0 robe
 f - a +0 leather armour (worn)
Jewellery
 g - a ring of willpower (left hand)
 h - a ring of protection from cold (right hand)
Scrolls
 i - 2 scrolls of identify {unknown}
Potions
 b - a potion of haste {unknown}
 c - a potion of heal wounds {unknown}
 d - a potion of attraction {unknown}
 j - a potion of mutation {unknown}


   Skills:
 + Level 2.0 Dodging
 - Level 2.1 Stealth
 + Level 2.3 Spellcasting
 + Level 4.7 Ice Magic
 * Level 0.5 Poison Magic


You had one spell level left.
You knew the following spells:

 Your Spells              Type           Power      Damage    Failure   Level
a - Freeze                Ice            64%        1d8       4%          1
b - Sting                 Tmut/Pois      8%         1d3       26%         1
c - Ozocubu's Armour      Ice            16%        N/A       13%         3

Your spell library contained the following spells:

 Spells                   Type           Power      Damage    Failure   Level
 Frozen Ramparts          Ice            32%        1d5       13%         3
 Poisonous Vapours        Pois/Air       4%         N/A       36%         2
 Hailstorm                Conj/Ice       9%         3d4       73%         4
 Olgreb's Toxic Radiance  Pois           3%         N/A       93%         4


Dungeon Overview and Level Annotations

Branches:
Dungeon (2/15)

Altars:

Annotations:
D:2 Terence


Message History

Press: ? - help, Shift-Dir - straight line, f/p - Terence
Aim: Terence, wielding a +0 hand axe and wearing a +0 scale mail (69% to hit)
You miscast Sting.
You are very lightly contaminated with residual magic.
Nothing appears to happen.
Casting: Sting (safe; 26% risk of failure)
Confirm with . or Enter, or press ? or * to list all spells.
Aiming: Sting (safe; 26% risk of failure)
Press: ? - help, Shift-Dir - straight line, f/p - Terence
Aim: Terence, wielding a +0 hand axe and wearing a +0 scale mail (69% to hit)
The sting hits Terence but does no damage.
Terence is poisoned.
Aiming: Freeze (safe; 4% risk of failure)
Press: ? - help, Q - select action, (/) - cycle Shift-Dir - straight line, f/p - Terence
Aim: Terence, wielding a +0 hand axe and wearing a +0 scale mail (lightly wounded, poisoned)
You freeze Terence.
Terence is heavily wounded.
Terence hits you with a +0 hand axe.
You closely miss Terence.
Terence is heavily wounded.
Terence hits you with a +0 hand axe!
Aiming: Freeze (safe; 4% risk of failure)
Press: ? - help, Q - select action, (/) - cycle Shift-Dir - straight line, f/p - Terence
Aim: Terence, wielding a +0 hand axe and wearing a +0 scale mail (heavily wounded, poisoned)
You freeze Terence.
Terence is severely wounded.
Terence hits you with a +0 hand axe.
You hit Terence but do no damage.
Terence is severely wounded.
Terence looks more healthy.
Terence hits you with a +0 hand axe.
* * * LOW HITPOINT WARNING * * *
Okay, then.
You hit Terence but do no damage.
Terence is almost dead.
Terence hits you but does no damage.
Your magical contamination has completely faded away.
You hit Terence.
Terence is almost dead.
Terence hits you with a +0 hand axe!
You die...

..#####..#
#...#....#
###.#.##.#
... #.#
######.#
#.#########
#.........#
#########.#
#@# #@# #.#
#.# #.# #.#
#.. ###


You could see Terence.

Vanquished Creatures
  A dart slug (D:1)
  3 ball pythons (D:1)
  5 bats (D:1)
  4 endoplasms (D:1)
  A giant cockroach (D:1)
  4 goblins (D:1)
  A hobgoblin (D:1)
  2 kobolds (D:1)
  2 quokkas (D:1)
  A frilled lizard (D:1)
  A rat (D:1)
25 creatures vanquished.

Vanquished Creatures (others)
  12 plants (D:1)
12 creatures vanquished.

Grand Total: 37 creatures vanquished

Notes
Turn   | Place    | Note
-------+----------+-------------------------------------------
     0 | D:1      | zezblit the Human Ice Elementalist began the quest for the
                  | Orb.
     0 | D:1      | Reached XP level 1. HP: 13/13 MP: 3/3
   416 | D:1      | Found a faded altar of an unknown god.
   430 | D:1      | Learned a level 1 spell: Sting
   448 | D:1      | Reached XP level 2. HP: 19/19 MP: 1/5
   906 | D:1      | Reached XP level 3. HP: 17/24 MP: 2/6
  1185 | D:1      | Learned a level 3 spell: Ozocubu's Armour
  1612 | D:1      | Upgraded the game from 0.28-a0-422-gd71735cc25 to
                  | 0.28-a0-429-g1448048969
  1643 | D:2      | Noticed Terence
  1654 | D:2      | Slain by Terence

Illustrated notes

Levels and vault maps discovered:
D:1:      lemuel_arrival_river_ford, layout_loops_ring,
          shapermc_ecumenical_altar_ellora, minmay_misc_feat_nine_boxes,
          serial_bayou_lagoon_a, minmay_hexomino_p4
D:2:      layout_loops_ring, serial_shops, nicolae_shop_window_shopping,
          minmay_statues_item, uniq_terence, uniq_jessica

Action                   || total
-------------------------++-------
Melee: Club              ||     3
       Short sword       ||    29
 Cast: Freeze            ||    28
       Sting             ||     7
Armor: Robe              ||     5
       Leather armour    ||    18
Dodge: Dodged            ||    36

Table legend: (Time is in decaauts)
 A = Elapsed time spent in this place.
 B = Non-inter-level travel time spent in this place.
 C = Inter-level travel time spent in this place.
 D = Time resting spent in this place.
 E = Time spent auto-exploring this place.
 F = Levels seen in this place.
 G = Mean time per level.
                   A        B        C        D        E       F      G
               +--------+--------+--------+--------+--------+-----+--------+
         Total |   1668 |   1651 |     17 |    654 |    699 |   2 |  834.0 |
       Dungeon |   1668 |   1651 |     17 |    654 |    699 |   2 |  834.0 |
               +--------+--------+--------+--------+--------+-----+--------+

Top non-repeatable levels by time:
     D:1: 1622 daAuts
     D:2: 46 daAuts
